 Dungeon Crawl Stone Soup version 0.20.1-1-g8b1a95d (webtiles) character file.

432 Irenicus the Insei (level 7, -5/46 HPs)
             Began as an Octopode Chaos Knight on Oct 7, 2017.
             Shot with an arrow by a centaur (13 damage)
             ... summoned by Xom
             ... on level 5 of the Dungeon.
             The game lasted 00:07:51 (3239 turns).

Irenicus the Insei (Octopode Chaos Knight)          Turns: 3239, Time: 00:07:52

Health: -5/46      AC:  1    Str: 16    XL:     7   Next: 0%
Magic:  7/7        EV: 19    Int: 20    God:    Xom [......]
Gold:   75         SH:  0    Dex: 18    Spells: 6/6 levels left

rFire    + . .     SeeInvis .     - Unarmed
rCold    . . .     Gourm    .   (no shield)
rNeg     . . .     Faith    .   (helmet restricted)
rPois    +         Spirit   .   (no amulet)
rElec    .         Reflect  .   g - ring of poison resistance
rCorr    .         Harm     .   j - ring of protection from fire
MR       .....                  (no ring)
Stlth    ++++......             (no ring)
Regen    0.2/turn               (no ring)
MPRegen  0.1/turn               (no ring)
                                (no ring)
                                (no ring)

@: mighty, brilliant, agile, hasted (expiring), very quick
A: almost no armour, stealthy swim, amphibious, 8 rings, constrict 8, camouflage
1, gelatinous body 1
a: Renounce Religion


You were on level 5 of the Dungeon.
You worshipped Xom.
You were a very special plaything of Xom.
You were very hungry.

You visited 1 branch of the dungeon, and saw 5 of its levels.

You collected 75 gold pieces.

Inventory:

Jewellery
 g - a ring of poison resistance (left tentacle)
 j - a ring of protection from fire (right tentacle)
Wands
 l - a wand of iceblast (6/15)
Scrolls
 b - 3 scrolls of identify {unknown}
 e - a scroll of enchant armour {unknown}
 f - 2 scrolls of teleportation {unknown}
 h - a scroll of immolation {unknown}
 i - a scroll of blinking {unknown}
 k - 2 scrolls of fog {unknown}
Potions
 d - 3 potions of curing
Comestibles
 a - 2 bread rations


   Skills:
 - Level 3.0 Fighting
 - Level 2.3 Dodging
 + Level 7.6 Unarmed Combat


You had 6 spell levels left.
You didn't know any spells.

Dungeon Overview and Level Annotations

Branches:
Dungeon (5/15)
 Temple: D:4-7

Altars:
Gozag
Uskayaw


Innate Abilities, Weirdness & Mutations

You cannot wear most types of armour.
You are very stealthy in the water. (Stealth+)
You are amphibious.
You can wear up to eight rings at the same time.
You can use your tentacles to constrict eight enemies at once.
Your skin changes colour to match your surroundings (Stealth+).
Your rubbery body absorbs attacks. (AC +1, EV +1)


Message History

You constrict Edmund, but do no damage.
Edmund escapes!
You barely miss Edmund. You grab Edmund.
Edmund is almost dead.
You constrict Edmund, but do no damage. You bludgeon Edmund!
Edmund is almost dead.
You constrict Edmund.
You kill Edmund!
You have reached level 7!
Things that are here:
a flail of protection; a leather armour
There is a stone staircase leading up here.
You start resting.
Your extra speed is starting to run out.
You start resting. "Let's see if it's strong enough to survive yet."
It was a potion of agility.
You feel agile all of a sudden.
The centaur wields a shortbow.
The centaur shoots an arrow.
The arrow hits you!
You die...

#### #..
###########.#
.........##.##
########<#.#.## #
###..###.####
....####sY.##
##...#
#...Z@.#.)###.##.#
#.....##.#.#.## #.
#.##c#.#.##.####..#
.. ..#
#.........(## # ..#
#.#.......#.$# ....
..####......# ...
#. #....### #..
#..............
#.#####....###.


You could see a sky beast, a centaur, a scorpion and a bullfrog zombie.

Vanquished Creatures
  Edmund (D:5)
  A scorpion (D:3)
  A howler monkey (D:4)
  A bullfrog zombie (D:5)
  6 adders
  7 gnolls
  An ooze (D:4)
  2 worms (D:2)
  2 dart slugs (D:2)
  3 leopard geckos
  2 orcs (D:3)
  3 bats
  4 giant cockroaches
  5 goblins
  7 hobgoblins
  3 jackals (D:1)
  8 kobolds
  2 frilled lizards (D:1)
  A giant cockroach zombie (D:5)
  A leopard gecko skeleton (D:4)
  3 rats
64 creatures vanquished.

Vanquished Creatures (others)
  A centaur (D:5)
1 creature vanquished.

Grand Total: 65 creatures vanquished

Notes
Turn   | Place    | Note
-------+----------+-------------------------------------------
     0 | D:1      | Irenicus the Octopode Chaos Knight began the quest for the Orb.
     0 | D:1      | Reached XP level 1. HP: 16/16 MP: 1/1
   193 | D:1      | Reached XP level 2. HP: 19/21 MP: 2/2
   354 | D:1      | XOM: harmless Tmut miscast
   453 | D:1      | Reached skill level 4 in Unarmed Combat
   650 | D:2      | XOM: stealth player
   661 | D:2      | Reached XP level 3. HP: 10/26 MP: 3/3
   784 | D:2      | XOM is BORED!
   784 | D:2      | XOM: noise
  1091 | D:2      | XOM: silly message
  1164 | D:2      | Found a hide-covered altar of Uskayaw.
  1231 | D:2      | Reached XP level 4. HP: 22/31 MP: 4/4
  1280 | D:2      | Reached skill level 5 in Unarmed Combat
  1311 | D:2      | Found an opulent altar of Gozag.
  1712 | D:3      | Reached XP level 5. HP: 26/36 MP: 5/5
  2152 | D:3      | Reached skill level 6 in Unarmed Combat
  2263 | D:3      | XOM is BORED!
  2263 | D:3      | XOM: noise
  2453 | D:4      | XOM: harmless Summ miscast
  2464 | D:4      | XOM: silly message
  2549 | D:3      | XOM is BORED!
  2549 | D:3      | XOM: summons 2 hostile shadow creatures
  2668 | D:4      | Reached XP level 6. HP: 42/42 MP: 6/6
  2801 | D:4      | XOM: god gift: 8 curare-tipped needles
  2806 | D:4      | XOM: stat loss: -1 Str (10/11)
  2980 | D:4      | XOM: noise
  3168 | D:5      | Entered Level 5 of the Dungeon
  3182 | D:5      | Noticed Edmund
  3182 | D:5      | XOM: swap monsters
  3184 | D:5      | XOM: potion effect (haste)
  3205 | D:5      | Reached skill level 7 in Unarmed Combat
  3218 | D:5      | Killed Edmund
  3218 | D:5      | Reached XP level 7. HP: 6/46 MP: 7/7
  3238 | D:5      | XOM: summons 4 hostile shadow creatures
  3239 | D:5      | Shot with an arrow by a centaur

Skill      XL: |  1  2  3  4  5  6 |
---------------+-------------------+-----
Unarmed Combat | 4 5 6 7 |  7.6
Fighting       | |  3.0
Dodging        | |  2.3

Action                   |  1- 3 |  4- 6 |  7- 9 || total
-------------------------+-------+-------+-------++-------
Melee: Unarmed           |    75 |   105 |       ||   180
       Constrict         |    21 |    21 |       ||    42
       Tentacles         |    13 |    20 |       ||    33
       Punch             |     1 |     4 |       ||     5
  Use: Scroll            |     1 |       |       ||     1
       Potion            |       |     3 |     1 ||     4
 Stab: Sleeping          |     5 |     1 |       ||     6
       Confused          |       |     1 |       ||     1
  Eat: Chunk             |     1 |     5 |       ||     6
Armor: Skin              |     5 |     2 |       ||     7
Dodge: Dodged            |    41 |    57 |       ||    98
